 Dungeon Crawl Stone Soup version 0.20-a0-465-g6513c8f (webtiles) character file.

6536 Nakatomy the Fighter (level 11, 0/89 HPs)
             Began as a Barachian Fighter on Jan 11, 2017.
             Was a High Priest of Okawaru.
             Slain by a sixfirhy (12 damage)
             ... summoned by a kobold demonologist
             ... on level 8 of the Dungeon on Jan 12, 2017.
             The game lasted 00:52:19 (14019 turns).

Nakatomy the Fighter (Barachian Fighter)           Turns: 14019, Time: 00:52:20

Health: 0/89       AC: 15    Str: 16    XL:     11   Next: 1%
Magic:  10/11      EV: 10    Int:  6    God:    Okawaru [*****.]
Gold:   426        SH:  0    Dex: 13    Spells: 10/10 levels left

rFire  + . .     SeeInvis .     a - +1 trident
rCold  . . .     Gourm    .     s - +0 chain mail
rNeg   . . .     Faith    .     (no shield)
rPois  .         Spirit   .     (no helmet)
rElec  .         Reflect  .     (no cloak)
rCorr  .         Harm     .     x - +1 pair of gloves
MR     .....                    (no boots)
Stlth  ..........               (no amulet)
                                (no ring)
                                C - ring of protection from fire

@: lethally poisoned (0 -> -79), heroism, slow
A: swims, slowness 1, strong legs 1
a: Hop, Heroism, Finesse, Renounce Religion


You were on level 8 of the Dungeon.
You worshipped Okawaru.
Okawaru was extremely pleased with you.
You were hungry.

You visited 2 branches of the dungeon, and saw 9 of its levels.
You also visited: Ossuary.

You collected 426 gold pieces.

Inventory:

Hand Weapons
 a - a +1 trident (weapon)
 B - the +0 halberd "Vuwep" {flame, rPois}
   (You found it on level 6 of the Dungeon)

   It has been specially enchanted to burn those struck by it, causing extra
   injury to most foes and up to half again as much damage against particularly
   susceptible opponents.
   Big, fiery blades are also staple armaments of hydra-hunters.
   It protects you from poison.
Armour
 b - a +0 scale mail
 c - a +0 shield
 s - a +0 chain mail (worn)
 x - a +1 pair of gloves (worn)
 D - a +0 plate armour
Magical Staves
 v - an uncursed staff of fire
Jewellery
 C - a ring of protection from fire (left hand)
Wands
 y - a wand of flame (36/48)
Scrolls
 e - 2 scrolls of enchant weapon
 j - 2 scrolls of remove curse
 l - 2 scrolls of teleportation
 m - 2 scrolls of enchant armour
 E - a scroll of fog {unknown}
Potions
 d - 3 potions of might
 g - 4 potions of haste {unknown}
 h - 2 potions of brilliance
 k - 3 potions of agility
 o - a potion of magic
 q - a potion of cure mutation
 r - a potion of beneficial mutation {unknown}
 t - a potion of cancellation {unknown}
 u - 3 potions of degeneration {unknown}
 w - a potion of heal wounds {unknown}
 A - a potion of lignification {unknown}
 F - a potion of flight {unknown}
Books
 p - a book of Misfortune

   Spells                             Type                      Level
   a - Confusing Touch                Hexes                        1
   b - Confuse                        Hexes                        3
   c - Gell's Gravitas                Hexes/Translocation          3
   d - Petrify                        Transmutation/Earth          4
   e - Metabolic Englaciation         Hexes/Ice                    5
   f - Yara's Violent Unravelling     Hexes/Transmutation          5
Comestibles
 f - 2 bread rations
 i - 3 meat rations
 n - 9 royal jellies
 z - 5 fruits


   Skills:
 + Level 9.3(14.3) Fighting
 + Level 7.9(12.9) Polearms
 + Level 9.3(14.3) Armour
 + Level 1.0(6.0) Dodging
 + Level 9.0(14.0) Shields


You had 10 spell levels left.
You didn't know any spells.

Dungeon Overview and Level Annotations

Branches:
Dungeon (8/15)             Temple (1/1) D:4            Lair (0/6) D:8

Altars:
Ashenzari
Cheibriados
Dithmenos
Elyvilon
Fedhas
Gozag
Hepliaklqana
Kikubaaqudgha
Makhleb
Nemelex Xobeh
Okawaru
Qazlal
Ru
Sif Muna
Trog
Uskayaw
Vehumet
Xom
Yredelemnul
Zin
The Shining One

Shops:
D:7 *   D:8 }**?

Annotations:
D:2 exclusion: 2 downstairs
D:3 1 runed door, Grinder
D:4 exclusion: 2 downstairs
D:5 Eustachio
D:7 exclusion: obsidian statue


Innate Abilities, Weirdness & Mutations

You can swim through water.
You cover ground slowly.
You can hop short distances.


Message History

You feel extremely sick. The orange demon closely misses you.
The orange demon hits you but does no damage.
The orange demon stings you from afar!
The kobold demonologist gestures wildly while chanting.
You feel extremely sick.
The sixfirhy hits you but does no damage. x2
The orange demon stings you from afar.
The sixfirhy hits you but does no damage.
The orange demon stings you from afar.
* * * LOW HITPOINT WARNING * * *
You are more poisoned.
The orange demon poisons you! The orange demon misses you.
* * * LOW HITPOINT WARNING * * *
You feel extremely sick.
The sixfirhy hits you but does no damage.
The sixfirhy hits you.
* * * LOW HITPOINT WARNING * * *
The sixfirhy shocks you!
You die...

.........#.........#
.........#.........#
.........#.........#
.........#.........#
.........#.........#
........##.........#
.........#.........#
...................#
...........###.#@###
.........#.###.#3#
.........#.......#####
.........#####.#44K55# ####
#......#.# ###.#.###5### #....
########.###.....#...5.#####.....
#.................##......
###..............5##......
#....>...(...<)K........


You could see 2 orange demons and a sixfirhy.

Vanquished Creatures
  The ghost of vogonpoet the Insei, a novice DsMo of Makhleb (D:7)
  A hornet (D:8)
  2 hippogriffs (D:7)
  A hungry ghost (D:7)
  2 soldier ants (D:8)
  2 porcupines (D:8)
  Duvessa (D:5)
  2 sky beasts
  An orc warrior (D:7)
  2 black bears (D:8)
  4 ice beasts
  5 ogres
  4 centaurs
  A crocodile (D:8)
  12 big kobolds
  8 bullfrogs
  Dowan (D:5)
  3 water moccasin zombies (Ossuary)
  5 scorpions
  A wyvern skeleton (D:6)
  8 killer bees
  3 electric eels (D:7)
  2 crimson imps
  A centaur zombie (D:5)
  3 orc priests
  2 hounds
  4 orc wizards (D:6)
  Ijyb (D:2)
  Terence (D:3)
  Jessica (D:3)
  3 bullfrog skeletons
  2 iguanas
  6 worker ants
  A killer bee zombie (D:8)
  A big kobold zombie (Ossuary)
  3 hound skeletons (D:6)
  2 mummies (Ossuary)
  A worker ant zombie (D:6)
  6 gnolls
  7 adders
  A howler monkey skeleton (D:6)
  2 shadow imps
  An ooze (D:1)
  4 adder zombies (Ossuary)
  2 adder skeletons
  2 worms
  2 dart slugs
  2 leopard geckos
  24 orcs
  5 bats
  7 giant cockroaches
  6 goblins
  8 hobgoblins
  4 jackals
  10 kobolds
  3 quokkas
  2 frilled lizards
  A gnoll zombie (Ossuary)
  3 hobgoblin zombies (Ossuary)
  A jackal skeleton (D:5)
  7 kobold zombies (Ossuary)
  A leopard gecko skeleton (D:4)
  3 orc zombies (Ossuary)
  8 rats
226 creatures vanquished.

Vanquished Creatures (others)
  22 fungi (D:8)
  A plant (D:8)
23 creatures vanquished.

Grand Total: 249 creatures vanquished

Notes
Turn   | Place    | Note
-------+----------+-------------------------------------------
     0 | D:1      | Nakatomy the Barachian Fighter began the quest for the Orb.
     0 | D:1      | Reached XP level 1. HP: 18/18 MP: 1/1
   161 | D:1      | Reached XP level 2. HP: 24/24 MP: 2/2
   910 | D:2      | Reached XP level 3. HP: 29/29 MP: 3/3
  1193 | D:2      | Reached XP level 4. HP: 5/37 MP: 4/4
  1721 | D:3      | Noticed Terence
  1780 | D:3      | Noticed Jessica
  1786 | D:3      | Killed Jessica
  1873 | D:3      | Noticed Ijyb
  1874 | D:3      | Noticed Grinder
  1874 | D:3      | Paralysed by Grinder for 4 turns
  1910 | D:2      | Killed Ijyb
  1910 | D:2      | Reached XP level 5. HP: 41/42 MP: 5/5
  1990 | D:3      | Killed Terence
  2955 | D:3      | Found a runed door.
  3170 | D:4      | Reached XP level 6. HP: 49/49 MP: 6/6
  3337 | D:4      | Found a staircase to the Ecumenical Temple.
  3347 | Temple   | Entered the Ecumenical Temple
  3540 | Temple   | Became a worshipper of Warmaster Okawaru
  3698 | D:5      | Entered Level 5 of the Dungeon
  3703 | D:5      | Noticed Dowan
  4087 | D:5      | Noticed Duvessa
  4533 | D:5      | Noticed Eustachio
  4798 | D:5      | Reached XP level 7. HP: 51/55 MP: 7/7
  4979 | D:5      | Reached skill level 5 in Armour
  5072 | D:5      | Reached skill level 5 in Fighting
  5072 | D:5      | Reached skill level 5 in Shields
  5093 | D:5      | Killed Duvessa
  5093 | D:5      | Reached * piety under Okawaru
  5115 | D:5      | HP: 2/56 [Dowan/shard of ice (15)]
  5139 | D:5      | HP: 1/56 [Dowan/shard of ice (5)]
  5140 | D:5      | Killed Dowan
  6019 | D:5      | Reached XP level 8. HP: 46/63 MP: 8/8
  6302 | D:6      | Got a jewelled halberd
  6899 | D:6      | Reached skill level 5 in Polearms
  7065 | D:6      | Reached ** piety under Okawaru
  7347 | D:6      | Reached XP level 9. HP: 46/71 MP: 9/9
  8071 | D:7      | Noticed vogonpoet's ghost (novice DsMo)
  8116 | D:7      | Killed vogonpoet's ghost
  8141 | D:7      | Found Quvvapae's Assorted Antiques.
  8172 | D:7      | Found a sand-covered staircase.
  8177 | Ossuary  | Entered an ossuary
  8391 | Ossuary  | Reached *** piety under Okawaru
 10122 | D:7      | Noticed an obsidian statue
 10491 | D:7      | Reached XP level 10. HP: 59/80 MP: 7/10
 11101 | D:7      | Upgraded the game from 0.20-a0-463-g5747544 to 0.20-a0-465-g6513c8f
 11440 | D:8      | Found Hanaymm's General Store.
 11481 | D:8      | Found Taapafas's General Store.
 12017 | D:7      | Reached **** piety under Okawaru
 12340 | D:8      | Noticed a kobold demonologist
 12839 | D:8      | Noticed a rust devil
 13008 | D:8      | Identified the cursed +0 halberd "Vuwep" {flame, rPois} (You found it on level 6 of the Dungeon)
 13016 | D:8      | Paralysed by a hornet for 2 turns
 13052 | D:8      | Reached ***** piety under Okawaru
 13456 | D:8      | Found a radiant altar of Vehumet.
 13457 | D:8      | Found Alimn's Magic Scroll Shop.
 13477 | D:8      | Found a staircase to the Lair.
 13845 | D:8      | Found Lurenlei's Gadget Shop.
 13937 | D:8      | Reached skill level 1 in Dodging
 13937 | D:8      | Reached XP level 11. HP: 79/89 MP: 11/11
 14018 | D:8      | Noticed a sixfirhy
 14019 | D:8      | Slain by a sixfirhy

Vault maps used:
D:1:      saegor_arrival_simple_f
D:3:      uniq_grinder, uniq_jessica, uniq_terence, uniq_crazy_yiuf_cottage,
          uniq_iyjb
D:5:      first_bread, uniq_eustachio, uniq_duvessa
D:7:      statuecave_lemuel, enter_ossuary_2, serial_shops, kennysheep_mini
D:8:      due_lair_maze_entry_diamond, serial_shops, shop,
          nicolae_shop_behind_doors, shop, shop, special_room,
          hangedman_pestilent_swarm, vehumet_altar_wand_db
Temple:   minmay_crystal_snake_temple
Ossuary:  ossuary_tomb_2

Skill      XL: |  1  2  3  4  5  6  7  8  9 10 |
---------------+-------------------------------+-----
Polearms       | 2 3 4 5 6 7 |  7.9
Fighting       | 4 5 6 8 9 |  9.3
Armour         | 4 5 6 8 9 |  9.3
Shields        | 4 5 6 7 9 |  9.0
Dodging        | 1 |  1.0

Action                   |  1- 3 |  4- 6 |  7- 9 | 10-12 || total
-------------------------+-------+-------+-------+-------++-------
Melee: Trident           |   106 |   254 |   790 |   553 ||  1703
       Punch             |       |       |       |     1 ||     1
Invok: Heroism           |       |       |     7 |     8 ||    15
 Abil: Hop               |     2 |     5 |     4 |     3 ||    14
  Use: Scroll            |       |       |     8 |     5 ||    13
       Potion            |       |       |       |     2 ||     2
  Eat: Chunk             |     1 |    10 |    12 |     8 ||    31
       Fruit             |       |     2 |       |     1 ||     3
       Beef jerky        |       |     1 |     2 |       ||     3
       Pizza             |       |     1 |       |     1 ||     2
       Bread ration      |       |       |     1 |     2 ||     3
Armor: Scale mail        |    31 |    35 |       |       ||    66
       Chain mail        |       |    92 |   305 |    30 ||   427
       Plate armour      |       |       |    42 |   301 ||   343
Dodge: Dodged            |    26 |    58 |   121 |   114 ||   319
Block: Shield            |    37 |    98 |   305 |   244 ||   684
